 Dungeon Crawl Stone Soup version 0.30-a0-1160-g6e42c06551 (webtiles) character file.

Game seed: 5120783656023717528

133 Ahpoh the Slasher (level 5, 0/28 HPs)
             Began as a Vine Stalker Berserker on Apr 26, 2023.
             Was a Believer of Trog.
             Splashed by a jelly's acid (7 damage)
             ... on level 4 of the Dungeon.
             The game lasted 00:07:38 (2922 turns).

Ahpoh the Slasher (Vine Stalker Berserker)          Turns: 2922, Time: 00:07:39

Health: 0/28       AC: -5    Str: 19    XL:     5   Next: 16%
Magic:  0/15       EV: 12    Int:  7    God:    Trog [**....]
Gold:   77         SH:  0    Dex: 16    Spells: 4/4 levels left

rFire   . . .        a - +0 falchion
rCold   . . .        (no shield)
rNeg    + . .        u - +0 robe
rPois   .            w - +0 helmet
rElec   .            (no cloak)
rCorr   .            g - +2 pair of gloves
SInv    .            (no boots)
Will    .....        (no amulet)
Stlth   ++           e - ring of magical power
HPRegen 1.04/turn    x - ring of positive energy
MPRegen 0.14/turn

%: guardian spirit
@: corroded
A: fangs 2, regeneration 1, magic shield, antimagic bite, no potion heal 2
a: Renounce Religion, Berserk, Trog's Hand


You were on level 4 of the Dungeon.
You worshipped Trog.
Trog was pleased with you.
You visited 1 branch of the dungeon, and saw 4 of its levels.

You collected 149 gold pieces.
You spent 72 gold pieces at shops.

Inventory:

Hand Weapons
 a - a +0 falchion (weapon)
Armour
 g - a +2 pair of gloves (worn)
 u - a +0 robe (worn)
 w - a +0 helmet (worn)
Jewellery
 e - a ring of magical power (left hand)
 x - a ring of positive energy (right hand)
Scrolls
 b - 2 scrolls of noise {unknown}
 c - a scroll of blinking {unknown}
 d - 2 scrolls of teleportation {unknown}
 f - a scroll of enchant armour {unknown}
 k - a scroll of enchant weapon {unknown}
 l - a scroll of immolation
 o - a scroll of vulnerability
 q - 2 scrolls of magic mapping
 v - a scroll of brand weapon
 y - a scroll of fear {unknown}
 z - a scroll of fog {unknown}
 A - a scroll of identify
Potions
 h - a potion of cancellation {unknown}
 i - 2 potions of curing {unknown}
 j - 2 potions of heal wounds {unknown}
 m - a potion of mutation {unknown}
 n - a potion of attraction {unknown}
 p - a potion of brilliance {unknown}
 r - a potion of lignification {unknown}
 s - a potion of haste {unknown}
 t - a potion of ambrosia {unknown}


   Skills:
 + Level 3.5 Fighting
 + Level 3.9 Long Blades
 + Level 1.7 Armour
 + Level 2.1 Dodging
 + Level 1.9 Stealth


You had 4 spell levels left.
You didn't know any spells.
Your spell library was empty.

Dungeon Overview and Level Annotations

Branches:
Dungeon (4/15)
 Temple: D:4-7

Altars:
Nemelex Xobeh
Wu Jian

Shops:
D:1 (   D:2 =   D:4 *


Innate Abilities, Weirdness & Mutations

You have extremely sharp teeth.
Your natural rate of healing is unusually fast.
When hurt, damage is shared between your health and your magic reserves.
Your bite disrupts and absorbs the magic of your enemies.
Potions cannot restore your health.


Message History

You hit the goblin.
You kill the goblin!
Trog accepts your kill.
A ball python comes into view.
Found a stone.
You see here a +0 club.
You closely miss the ball python.
The ball python hisses angrily.
You bite the ball python.
You kill the ball python!
Trog accepts your kill.
You see here a ball python corpse.
Found 7 stones.
A kobold comes into view. It is wielding a +0 club.
A kobold is nearby!
The helpless kobold fails to defend itself.
You hit the kobold.
The kobold is moderately wounded.
The kobold misses you.
You hit the kobold. You bite the kobold.
You kill the kobold!
Trog accepts your kill.
A jelly comes into view.
A jelly is nearby!
The jelly quivers.
You hit the jelly. The acid corrodes you!
Your hands burn!
You bite the jelly. You drain its power.
The jelly is lightly wounded.
The jelly hits you.
You are splashed with acid!
You hit the jelly but do no damage. The acid corrodes you!
Your hands burn!
The jelly is lightly wounded.
The jelly hits you. The acid corrodes you!
You are splashed with acid.
The jelly hits you.
You are splashed with acid!
* * * LOW HITPOINT WARNING * * *
You barely miss the jelly.
The jelly is lightly wounded.
The jelly hits you.
* * * LOW HITPOINT WARNING * * *
You are splashed with acid!
You die...

#.. ##..
.###...##
........#
........##
.........#
.........##
......J@..##
...........## #
....##......##.
# ....#
##........ #
.### ##..#
#...###... ##
...##.. #..##
.. ##. ......
##..# . ....
#...# ##..##
#... ....
#..### #(..#
#.... ....


You could see a jelly.

Vanquished Creatures
  An orc priest (D:3)
  3 adders
  3 worms (D:2)
  2 dart slugs (D:1)
  4 orcs (D:3)
  6 ball pythons
  6 bats
  5 endoplasms
  8 goblins
  3 hobgoblins
  2 jackals (D:1)
  4 kobolds
  2 quokkas
  3 frilled lizards
  4 rats
56 creatures vanquished.

Notes
Turn   | Place    | Note
-------+----------+-------------------------------------------
     0 | D:1      | Ahpoh the Vine Stalker Berserker began the quest for the
                  | Orb.
     0 | D:1      | Reached XP level 1. HP: 11/11 MP: 2/2
   138 | D:1      | Reached XP level 2. HP: 6/16 MP: 1/3
   584 | D:1      | Found Reupluq's Antique Weapon Shop.
   594 | D:1      | Reached XP level 3. HP: 20/20 MP: 4/4
   921 | D:1      | Found a faded altar of an unknown god.
  1354 | D:2      | Reached skill level 1 in Stealth
  1360 | D:2      | Reached ** piety under Trog
  1401 | D:2      | Found Toyppo's Jewellery Shoppe.
  1420 | D:2      | Gained mutation: Your natural rate of healing is unusually
                  | fast. [Vine Stalker growth]
  1420 | D:2      | Reached XP level 4. HP: 9/24 MP: 5/5
  2365 | D:3      | Found an ornate altar of the Wu Jian Council.
  2366 | D:3      | Found a sparkling altar of Nemelex Xobeh.
  2463 | D:3      | Reached XP level 5. HP: 28/28 MP: 6/6
  2681 | D:4      | Found Wuusan's Assorted Antiques.
  2692 | D:4      | Bought a scroll labelled CODGHO ENNYRGH for 24 gold pieces
  2692 | D:4      | Bought a scroll labelled TOPRAPPOUWA for 24 gold pieces
  2692 | D:4      | Bought a scroll labelled NIUJADDOXAY for 24 gold pieces
  2922 | D:4      | Splashed by a jelly's acid

Illustrated notes

Levels and vault maps discovered:
D:1:      dpeg_arrival_renting, layout_basic,
          shapermc_ecumenical_altar_mp_ritualfount, serial_shops,
          nicolae_shop_tiny_waterfront
D:2:      layout_basic, serial_shops, nicolae_shop_gaudy_bauble,
          minmay_misc_feat_rugged
D:3:      layout_loops_ring, mainiacjoe_overflow_divided_tiny
D:4:      layout_layer_cave, general_overflow_altar, serial_shops,
          nicolae_shop_pleasant_corner_grove, nicolae_shop_trees, shop, shop,
          feat_on_display

Skill      XL: |  1  2  3  4 |
---------------+-------------+-----
Fighting       | 3 |  3.5
Long Blades    | 3 |  3.9
Stealth        | 1 |  1.9
Dodging        | 2 |  2.1
Armour         | |  1.7

Action                     |  1- 3 |  4- 6 || total
---------------------------+-------+-------++-------
  Melee: Falchion          |   102 |    69 ||   171
         Bite              |    15 |    23 ||    38
 Invoke: Berserk           |     2 |       ||     2
    Use: Scroll            |       |     4 ||     4
   Stab: Sleeping          |     3 |     1 ||     4
 Armour: Animal skin       |    36 |     9 ||    45
         Robe              |       |    17 ||    17
         Skin              |       |     2 ||     2
  Dodge: Dodged            |    98 |    44 ||   142

Table legend: (Time is in decaauts)
 A = Elapsed time spent in this place.
 B = Non-inter-level travel time spent in this place.
 C = Inter-level travel time spent in this place.
 D = Time resting spent in this place.
 E = Time spent auto-exploring this place.
 F = Levels seen in this place.
 G = Mean time per level.
                   A        B        C        D        E       F      G
               +--------+--------+--------+--------+--------+-----+--------+
         Total |   2963 |   2959 |      4 |    131 |   2052 |   4 |  740.8 |
       Dungeon |   2963 |   2959 |      4 |    131 |   2052 |   4 |  740.8 |
               +--------+--------+--------+--------+--------+-----+--------+

Top non-repeatable levels by time:
     D:1: 1223 daAuts
     D:2: 798 daAuts
     D:3: 699 daAuts
     D:4: 241 daAuts
